 Dungeon Crawl Stone Soup version 0.30-a0-1018-g25214051b3 (webtiles) character file.

Game seed: 9136965841442210970

1029 Jase the Zephyrmancer (level 8, -8/43 HPs)
             Began as a Tengu Air Elementalist on Apr 7, 2023.
             Mangled by a black bear (11 damage)
             ... on level 5 of the Dungeon.
             The game lasted 00:16:14 (5053 turns).

Jase the Zephyrmancer (Tengu Air Elementalist)      Turns: 5053, Time: 00:16:14

Health: -8/43      AC:  4    Str:  9    XL:     8   Next: 23%
Magic:  2/13       EV: 14    Int: 18    God:
Gold:   258        SH:  0    Dex: 14    Spells: 3/13 levels left

rFire   . . .      SeeInvis .    a - +1 dagger (vamp)
rCold   . . .      Faith    .    (no shield)
rNeg    . . .      Spirit   .    d - +0 robe
rPois   .          Reflect  .    h - +2 hat
rElec   .          Rampage  .    o - scarf {+Inv}
rCorr   .                        (no gloves)
Will    .....                    (boots unavailable)
Stlth   ++                       (no amulet)
HPRegen 0.27/turn                (no ring)
MPRegen 0.13/turn                (no ring)

@: flying quickly and evasively, quick
A: beak, talons 3, nimble flight
a: Evoke Invisibility


You were on level 5 of the Dungeon.
You visited 1 branch of the dungeon, and saw 6 of its levels.

You collected 258 gold pieces.

Inventory:

Hand Weapons
 a - a +1 vampiric dagger (weapon)
 b - a +0 long sword of freezing
Missiles
 i - 7 javelins
 s - 5 curare-tipped darts
 x - 2 poisoned darts
Armour
 d - a +0 robe (worn)
 h - a +2 hat (worn)
 o - a scarf of invisibility (worn)
Scrolls
 c - 2 scrolls of poison {unknown}
 e - a scroll of silence {unknown}
 f - a scroll of enchant weapon {unknown}
 g - 6 scrolls of identify {unknown}
 k - a scroll of magic mapping {unknown}
 l - a scroll of enchant armour {unknown}
 m - 2 scrolls of immolation {unknown}
 n - 2 scrolls of teleportation {unknown}
 q - a scroll of fear {unknown}
 u - a scroll of amnesia {unknown}
 w - a scroll of fog {unknown}
Potions
 j - a potion of invisibility {unknown}
 p - 4 potions of heal wounds {unknown}
 r - 2 potions of attraction {unknown}
 t - 2 potions of mutation {unknown}
 v - a potion of magic


   Skills:
 - Level 1.0 Fighting
 - Level 2.1 Dodging
 - Level 2.0 Stealth
 + Level 3.1 Spellcasting
 - Level 7.0 Conjurations
 * Level 10.0 Air Magic


You had 3 spell levels left.
You knew the following spells:

 Your Spells              Type           Power      Damage    Failure   Level
a - Shock                 Conj/Air       100%       1d9       1%          1
b - Static Discharge      Conj/Air       66%        2-5/arc   1%          2
c - Swiftness             Air            39%        N/A       1%          3
d - Airstrike             Air            19%        2d(3-19)  2%          4

Your spell library contained the following spells:

 Spells                   Type           Power      Damage    Failure   Level
 Stone Arrow              Conj/Erth      30%        3d8       12%         3
 Sandblast                Erth           4%         2d4       16%         1
 Passwall                 Tmut/Erth      1%         N/A       24%         2
 Ignite Poison            Fire/Tmut/Pois 2%         N/A       43%         3
 Sticky Flame             Conj/Fire      15%        2d4       36%         4
 Ignition                 Fire           1%         3d3       100%        8


Dungeon Overview and Level Annotations

Branches:
Dungeon (6/15)             Temple (0/1) D:4

Altars:
Kikubaaqudgha
Nemelex Xobeh
Ru
The Shining One

Shops:
D:1 (   D:5 (

Annotations:
D:6 Duvessa


Innate Abilities, Weirdness & Mutations

You have a beak for a mouth.
You have claws for feet.
Your magical nature lets you fly swiftly and evasively.


Message History

The black bear misses you. The black bear barely misses you.
The black bear claws you.
Unknown command.
The black bear bites you but does no damage.
The black bear claws you. The black bear barely misses you.
You fly upwards.
There is a stone staircase leading down here.
Unknown command.
You hit the black bear.
You feel better.
The black bear is moderately wounded.
The black bear closely misses you. The black bear claws you. x2
You hit the black bear. You claw the black bear.
The black bear is severely wounded.
The black bear barely misses you. The black bear claws you.
The black bear completely misses you.
You hit the black bear.
You feel better.
Your peck misses the black bear.
The black bear is severely wounded.
The black bear bites you. The black bear claws you. x2
You completely miss the black bear. You claw the black bear.
You peck the black bear, but do no damage.
The black bear is almost dead.
The black bear goes berserk!
You barely miss the black bear. Your peck misses the black bear.
The black bear is severely wounded.
The black bear bites you. The black bear barely misses you.
The black bear claws you. The black bear bites you!
* * * LOW HITPOINT WARNING * * *
The black bear barely misses you. The black bear closely misses you.
Okay, then.
You closely miss the black bear. You peck the black bear.
The black bear is almost dead.
The black bear bites you!
* * * LOW HITPOINT WARNING * * *
The black bear closely misses you.
The black bear claws you but does no damage.
You hit the black bear.
The black bear is almost dead.
The black bear closely misses you. x2; The black bear misses you.
The black bear bites you!
You die...

#.# ##.#.#.#.#.### #.# #.#
#.)..........# #.# #.###
##.#.#.#.#.#.# #.# #...#
###............# #.#
#.#.####..#.#.#.#.#.#.# #.#
#.#...†...............## #.#
#.#.####.##.#.#.#.#.#..#######.#
#.#.# #>#....h...............>.
#.#.# #.##.#.#@#.#.##########.#
#.#.# #.####.#.###### ### #.#.#
#.....###.s.O.# #...#
######.#.####.# ##..# ##.## #.#
###..###### #.# #.#
..........#####.# #.#
###....)........# #.# #
#..####.####### #.#


You could see a black bear (berserk).

Vanquished Creatures
  Sigmund (D:4)
  An ogre (D:5)
  A bullfrog (D:4)
  4 scorpions
  Dowan (D:6)
  4 hounds
  2 iguanas (D:5)
  A sleepcap (D:6)
  Terence (D:3)
  3 gnolls (D:3)
  8 adders
  2 ufetubi
  A worm (D:2)
  5 dart slugs
  13 orcs
  7 endoplasms
  4 giant cockroaches
  5 goblins
  5 hobgoblins
  3 jackals (D:1)
  8 quokkas
  5 ball pythons
  5 bats
  4 frilled lizards
  7 kobolds
  5 rats
106 creatures vanquished.

Notes
Turn   | Place    | Note
-------+----------+-------------------------------------------
     0 | D:1      | Jase the Tengu Air Elementalist began the quest for the
                  | Orb.
     0 | D:1      | Reached XP level 1. HP: 10/10 MP: 4/4
   169 | D:1      | Found Abecruih's Weapon Shop.
   270 | D:1      | Reached XP level 2. HP: 15/15 MP: 0/6
   739 | D:1      | Found a glowing golden altar of the Shining One.
   970 | D:2      | Learned a level 2 spell: Static Discharge
   975 | D:2      | Reached XP level 3. HP: 16/19 MP: 5/7
  1145 | D:2      | Reached skill level 5 in Air Magic
  1442 | D:2      | Noticed a scorpion
  1452 | D:2      | Killed a scorpion
  1453 | D:2      | Reached XP level 4. HP: 9/24 MP: 1/8
  1667 | D:2      | Gained mutation: Your magical nature lets you fly swiftly
                  | and evasively. [Tengu growth]
  1667 | D:2      | Reached XP level 5. HP: 28/28 MP: 3/9
  1757 | D:2      | Reached skill level 6 in Air Magic
  1757 | D:2      | Upgraded the game from 0.30-a0-1016-gfb0d676c02 to
                  | 0.30-a0-1018-g25214051b3
  1763 | D:2      | Learned a level 3 spell: Swiftness
  1929 | D:2      | Identified the +1 rapier of the Doomed Warrior {heavy,
                  | *Slow rF+ rN+ Str+3}
  2415 | D:3      | Noticed Terence
  2493 | D:3      | Killed Terence
  2494 | D:3      | Reached skill level 5 in Conjurations
  2890 | D:3      | Reached XP level 6. HP: 32/32 MP: 5/10
  2986 | D:4      | Noticed Sigmund
  2993 | D:4      | Killed Sigmund
  2994 | D:4      | Reached skill level 7 in Air Magic
  3121 | D:4      | Found a staircase to the Ecumenical Temple.
  3278 | D:4      | Found an ancient bone altar of Kikubaaqudgha.
  3278 | D:4      | Found a sacrificial altar of Ru.
  3339 | D:4      | Reached XP level 7. HP: 31/36 MP: 3/11
  3758 | D:5      | Entered Level 5 of the Dungeon
  3840 | D:5      | Reached skill level 8 in Air Magic
  4118 | D:5      | Reached skill level 1 in Fighting
  4235 | D:5      | Reached skill level 9 in Air Magic
  4238 | D:5      | Reached XP level 8. HP: 22/43 MP: 0/12
  4332 | D:5      | Learned a level 4 spell: Airstrike
  4499 | D:5      | Found Ucyigaw's Antique Weapon Emporium.
  4729 | D:5      | Found a sparkling altar of Nemelex Xobeh.
  5010 | D:6      | Noticed Duvessa
  5038 | D:6      | Noticed Dowan
  5040 | D:6      | Killed Dowan
  5041 | D:6      | Reached skill level 10 in Air Magic
  5053 | D:5      | Mangled by a black bear

Illustrated notes

Levels and vault maps discovered:
D:1:      dpeg_arrival_water_altar, layout_rooms, serial_shops, shop_fountains
D:2:      minmay_skewed_foursquare, layout_basic
D:3:      layout_rooms, uniq_terence
D:4:      layout_basic, gammafunk_temple_overflow_elements,
          minmay_temple_entry_grid, uniq_sigmund
D:5:      layout_loops_ring, nicolae_overflow_hidden_temple, serial_shops, shop,
          st_stairs_11
D:6:      layout_loops_cross, uniq_menkaure, uniq_duvessa, uniq_grinder

Skill      XL: |  1  2  3  4  5  6  7  8 |
---------------+-------------------------+-----
Conjurations   | 2 3 4 5 6 7 |  7.0
Air Magic      | 5 6 7 9 10 | 10.0
Fighting       | 1 |  1.0
Spellcasting   | 3 |  3.1
Dodging        | |  2.1
Stealth        | |  2.0

Action                     |  1- 3 |  4- 6 |  7- 9 || total
---------------------------+-------+-------+-------++-------
  Melee: Dagger            |     7 |     6 |     8 ||    21
         Peck              |     1 |       |     2 ||     3
         Kick              |       |     1 |     2 ||     3
   Cast: Shock             |    71 |    79 |    83 ||   233
         Static Discharge  |     1 |     5 |     9 ||    15
         Swiftness         |       |     2 |       ||     2
         Airstrike         |       |       |     2 ||     2
   Stab: Sleeping          |       |     3 |     1 ||     4
 Armour: Robe              |     2 |     3 |     2 ||     7
  Dodge: Dodged            |    11 |    16 |    19 ||    46

Table legend: (Time is in decaauts)
 A = Elapsed time spent in this place.
 B = Non-inter-level travel time spent in this place.
 C = Inter-level travel time spent in this place.
 D = Time resting spent in this place.
 E = Time spent auto-exploring this place.
 F = Levels seen in this place.
 G = Mean time per level.
                   A        B        C        D        E       F      G
               +--------+--------+--------+--------+--------+-----+--------+
         Total |   4882 |   4745 |    137 |    351 |   3793 |   6 |  813.7 |
       Dungeon |   4882 |   4745 |    137 |    351 |   3793 |   6 |  813.7 |
               +--------+--------+--------+--------+--------+-----+--------+

Top non-repeatable levels by time:
     D:2: 1540 daAuts
     D:5: 1116 daAuts
     D:1: 780 daAuts
     D:4: 743 daAuts
     D:3: 584 daAuts
     D:6: 116 daAuts
